 Dungeon Crawl Stone Soup version 0.26.1-11-gd32895ea62 (webtiles) character file.

Game seed: 1038490635132572289

230 FishyPogo the Vexing (level 6, -2/47 HPs)
             Began as a Gnoll Arcane Marksman on June 25, 2021.
             Was a Follower of Sif Muna.
             Slain by an ogre
             ... wielding a +0 giant spiked club
              (19 damage)
             ... on level 4 of the Dungeon.
             The game lasted 00:13:24 (3335 turns).

FishyPogo the Vexing (Gnoll Arcane Marksman)        Turns: 3335, Time: 00:13:24

Health: -2/47      AC:  4    Str: 13    XL:     6   Next: 3%
Magic:  10/10      EV: 15    Int: 15    God:    Sif Muna [*.....]
Gold:   187        SH:  0    Dex: 17    Spells: 5/11 levels left

rFire    . . .     SeeInvis +   a - +0 hunting sling
rCold    . . .     Faith    +   (no shield)
rNeg     + + .     Spirit   .   i - +1 robe {rN+}
rPois    .         Reflect  .   (no helmet)
rElec    .         Harm     .   (no cloak)
rCorr    .         Rampage  .   (no gloves)
Will     .....                  k - +0 pair of boots
Stlth    ++........             v - amulet of faith
HPRegen  0.15/turn              y - ring of see invisible
MPRegen  0.12/turn              C - ring of positive energy

@: about to teleport
A: distributed training, fangs 1, strong nose
a: Renounce Religion, Channel Magic


You were on level 4 of the Dungeon.
You worshipped Sif Muna.
Sif Muna was aware of your devotion.
You visited 1 branch of the dungeon, and saw 4 of its levels.

You collected 187 gold pieces.

Inventory:

Hand Weapons
 a - a +0 hunting sling (weapon)
 b - a +2 dagger of freezing
Missiles
 d - 45 sling bullets
 f - 140 stones (quivered ammo)
 n - 7 boomerangs
 t - 61 arrows
Armour
 i - a +1 robe of positive energy (worn)
 k - a +0 pair of boots (worn)
Jewellery
 v - an amulet of faith (around neck)
 y - a ring of see invisible (left hand)
 C - a ring of positive energy (right hand)
Scrolls
 e - 4 scrolls of immolation {unknown}
 g - 2 scrolls of fear {unknown}
 h - 3 scrolls of enchant weapon {unknown}
 j - 4 scrolls of remove curse {unknown}
 l - a scroll of enchant armour {unknown}
 r - a scroll of blinking {unknown}
 s - 3 scrolls of identify {unknown}
Potions
 c - a potion of might {unknown}
 m - 2 potions of brilliance {unknown}
 o - a potion of attraction {unknown}
 q - a potion of degeneration {unknown}
 u - a potion of ambrosia {unknown}
 w - a potion of haste {unknown}
 x - a potion of lignification {unknown}
 z - 3 potions of resistance {unknown}
 A - a potion of curing {unknown}
 B - a potion of invisibility {unknown}


   Skills:
 + Level 3.1 Fighting
 + Level 1.7 Short Blades
 + Level 1.7 Long Blades
 + Level 1.7 Axes
 + Level 1.7 Maces & Flails
 + Level 1.7 Polearms
 + Level 1.7 Staves
 + Level 4.9 Slings
 + Level 1.7 Bows
 + Level 1.7 Crossbows
 + Level 1.7 Throwing
 + Level 1.7 Armour
 + Level 4.9 Dodging
 + Level 1.7 Stealth
 + Level 1.7 Shields
 + Level 1.7 Unarmed Combat
 + Level 3.3 Spellcasting
 + Level 1.3 Conjurations
 + Level 5.6 Hexes
 + Level 1.3 Summonings
 + Level 1.3 Necromancy
 + Level 1.3 Translocations
 + Level 1.3 Transmutations
 + Level 1.3 Fire Magic
 + Level 1.3 Ice Magic
 + Level 1.3 Air Magic
 + Level 1.3 Earth Magic
 + Level 1.3 Poison Magic
 + Level 2.0 Invocations
 + Level 1.7 Evocations


You had 5 spell levels left.
You knew the following spells:

 Your Spells              Type           Power        Failure   Level
a - Corona                Hex            21%          1%          1
b - Slow                  Hex            19%          3%          2
c - Inner Flame           Hex/Fire       13%          14%         3

Your spell library contained the following spells:

 Spells                   Type           Power        Failure   Level
 Portal Projectile        Hex/Tloc       26%          14%         3
 Cause Fear               Hex            9%           19%         4
 Leda's Liquefaction      Hex/Erth       6%           41%         4


Dungeon Overview and Level Annotations

Branches:
Dungeon (4/15)
 Temple: D:4-7

Altars:
Ashenzari
Dithmenos
Okawaru
Sif Muna
Trog
Zin


Innate Abilities, Weirdness & Mutations

Your experience applies equally to all skills.
You have very sharp teeth.
Your uncanny sense of smell can sniff out nearby items.


Message History

The ogre is moderately wounded.
The ogre hits you with a +0 giant spiked club!
Fire: 47 sling bullets
Press: ? - help, Shift-Dir - straight line, f - worker ant, p - ogre
Aim: a worker ant (63% to hit)
You shoot a sling bullet.
The sling bullet barely misses the ogre.
The sling bullet hits the worker ant.
The worker ant is lightly wounded.
Fire: 46 sling bullets
Press: ? - help, Shift-Dir - straight line, f/p - worker ant
Aim: a worker ant (lightly wounded, 63% to hit)
You shoot a sling bullet.
The sling bullet hits the ogre but does no damage.
The ogre is moderately wounded.
The ogre hits you with a +0 giant spiked club!!
As you read the scroll labelled ICUG ITEIG, it crumbles to dust.
You feel strangely unstable.
It was a scroll of teleportation.
The ogre hits you with a +0 giant spiked club!!
You die...

. ## .. ## ### ..#
...#.##.# ..
........## .##
........ ###..#
#.."####....#
#..@..#.....####
......O##..........#
.....B(.............
#....(...#..8...##..
...#....###........###
.. ((...#.#..8.......#
. .###..#_'....###....
## #. #.#..8......#
###......####.$


You could see an ogre and a worker ant.

Vanquished Creatures
  An ice beast (D:3)
  A worker ant (D:4)
  3 adders
  An ooze (D:1)
  A worm (D:3)
  3 dart slugs
  3 leopard geckos
  2 orcs
  7 bats
  4 giant cockroaches
  7 goblins
  11 hobgoblins
  4 jackals (D:2)
  4 quokkas
  2 frilled lizards (D:3)
  10 kobolds
  7 rats
71 creatures vanquished.

Notes
Turn   | Place    | Note
-------+----------+-------------------------------------------
     0 | D:1      | FishyPogo the Gnoll Arcane Marksman began the quest for the
                  | Orb.
     0 | D:1      | Reached XP level 1. HP: 17/17 MP: 4/4
   160 | D:1      | Reached XP level 2. HP: 18/23 MP: 5/5
   257 | D:1      | Learned a level 2 spell: Slow
   629 | D:1      | Reached XP level 3. HP: 28/28 MP: 7/7
  1305 | D:2      | Reached skill level 1 in Invocations
  1440 | D:2      | Reached skill level 1 in Short Blades
  1440 | D:2      | Reached skill level 1 in Long Blades
  1440 | D:2      | Reached skill level 1 in Axes
  1440 | D:2      | Reached skill level 1 in Maces & Flails
  1440 | D:2      | Reached skill level 1 in Polearms
  1440 | D:2      | Reached skill level 1 in Staves
  1440 | D:2      | Reached skill level 1 in Bows
  1440 | D:2      | Reached skill level 1 in Crossbows
  1440 | D:2      | Reached skill level 1 in Throwing
  1440 | D:2      | Reached skill level 1 in Armour
  1440 | D:2      | Reached skill level 1 in Stealth
  1440 | D:2      | Reached skill level 1 in Shields
  1440 | D:2      | Reached skill level 1 in Unarmed Combat
  1440 | D:2      | Reached skill level 1 in Evocations
  1440 | D:2      | Reached XP level 4. HP: 34/34 MP: 8/8
  1580 | D:2      | Found a shimmering blue altar of Sif Muna.
  1580 | D:2      | Found a bloodstained altar of Trog.
  1590 | D:2      | Found a shadowy altar of Dithmenos.
  1604 | D:2      | Became a worshipper of Sif Muna the Loreminder
  1766 | D:2      | Learned a level 3 spell: Inner Flame
  2239 | D:3      | Reached skill level 1 in Conjurations
  2239 | D:3      | Reached skill level 1 in Summonings
  2239 | D:3      | Reached skill level 1 in Necromancy
  2239 | D:3      | Reached skill level 1 in Translocations
  2239 | D:3      | Reached skill level 1 in Transmutations
  2239 | D:3      | Reached skill level 1 in Fire Magic
  2239 | D:3      | Reached skill level 1 in Ice Magic
  2239 | D:3      | Reached skill level 1 in Air Magic
  2239 | D:3      | Reached skill level 1 in Earth Magic
  2239 | D:3      | Reached skill level 1 in Poison Magic
  2334 | D:3      | Reached * piety under Sif Muna
  2354 | D:3      | Noticed an ice beast
  2409 | D:3      | Killed an ice beast
  2410 | D:3      | Reached XP level 5. HP: 22/41 MP: 5/9
  2593 | D:3      | Found an iron altar of Okawaru.
  2783 | D:3      | Found a broken altar of Ashenzari.
  3145 | D:4      | Reached XP level 6. HP: 28/47 MP: 10/10
  3170 | D:4      | Found a glowing silver altar of Zin.
  3335 | D:4      | Slain by an ogre

Illustrated notes

Levels and vault maps discovered:
D:1:      dpeg_arrival_morbid_curiosity, layout_loops_ring
D:2:      layout_basic, minitemple, minmay_parallelograms
D:3:      layout_loops_ring, overflow_temple_1_default, ashenzari_altar_1
D:4:      layout_cave_pools, zin_statuary, hangedman_minor_gate_pass

Skill      XL: |  1  2  3  4  5 |
---------------+----------------+-----
Invocations    | 1 2 |  2.0
Short Blades   | 1 |  1.7
Long Blades    | 1 |  1.7
Axes           | 1 |  1.7
Maces & Flails | 1 |  1.7
Polearms       | 1 |  1.7
Staves         | 1 |  1.7
Bows           | 1 |  1.7
Crossbows      | 1 |  1.7
Throwing       | 1 |  1.7
Armour         | 1 |  1.7
Stealth        | 1 |  1.7
Shields        | 1 |  1.7
Unarmed Combat | 1 |  1.7
Evocations     | 1 |  1.7
Spellcasting   | 3 |  3.3
Conjurations   | 1 |  1.3
Summonings     | 1 |  1.3
Necromancy     | 1 |  1.3
Translocations | 1 |  1.3
Transmutations | 1 |  1.3
Fire Magic     | 1 |  1.3
Ice Magic      | 1 |  1.3
Air Magic      | 1 |  1.3
Earth Magic    | 1 |  1.3
Poison Magic   | 1 |  1.3
Fighting       | 3 |  3.1
Slings         | |  4.9
Dodging        | |  4.9
Hexes          | |  5.6

Action                   |  1- 3 |  4- 6 || total
-------------------------+-------+-------++-------
Melee: Hunting sling     |     7 |       ||     7
       Bite              |     1 |     1 ||     2
       Short sword       |       |     8 ||     8
       Dagger            |       |    11 ||    11
 Fire: Hunting sling     |   108 |   123 ||   231
 Cast: Corona            |     2 |       ||     2
       Slow              |       |     2 ||     2
       Inner Flame       |       |     2 ||     2
  Use: Scroll            |       |     1 ||     1
 Stab: Sleeping          |       |     1 ||     1
Armor: Robe              |     9 |    13 ||    22
Dodge: Dodged            |    34 |    36 ||    70
